 Dungeon Crawl Stone Soup version 0.30-a0-777-ga9a30cbeda (webtiles) character file.

Game seed: 1990807462593044196

35 dolemite99 the Shooter (level 3, 0/28 HPs)
             Began as a Minotaur Hexslinger on Feb 14, 2023.
             Was a Plaything of Xom.
             Succumbed to a kobold's poison
             ... on level 1 of the Dungeon.
             The game lasted 00:00:54 (467 turns).

dolemite99 the Shooter (Minotaur Hexslinger)         Turns: 467, Time: 00:00:54

Health: 0/28       AC:  2    Str: 15 (18) XL:     3   Next: 17%
Magic:  3/3        EV: 12    Int:  8 (9)  God:    Xom [..*...]
Gold:   46         SH:  0    Dex: 10 (11) Spells: 3/4 levels left

rFire   . . .      SeeInvis .    b - +2 dagger (venom)
rCold   . . .      Faith    .    (no shield)
rNeg    . . .      Spirit   .    c - +0 robe
rPois   .          Reflect  .    (helmet restricted)
rElec   .          Harm     .    (no cloak)
rCorr   .          Rampage  .    (no gloves)
Will    .....      Rage     3%   (no boots)
Stlth   +                        (no amulet)
HPRegen 0.24/turn                (no ring)
MPRegen 0.08/turn                (no ring)

@: lethally poisoned (0 -> -6)
A: horns 2, retaliatory headbutt, berserk 1, strong 1
a: Renounce Religion


You were on level 1 of the Dungeon.
You worshipped Xom.
You were a toy of Xom.
You visited 1 branch of the dungeon, and saw 1 of its levels.

You collected 46 gold pieces.

Inventory:

Hand Weapons
 a - a +1 sling
 b - a +2 dagger of venom (weapon)
 d - a +0 vampiric whip
Armour
 c - a +0 robe (worn)
Jewellery
 e - an amulet of guardian spirit
Scrolls
 f - a scroll of amnesia {unknown}
 h - a scroll of magic mapping {unknown}
 j - a scroll of poison
Potions
 g - a potion of degeneration


   Skills:
 - Level 1.2 Fighting
 + Level 1.0 Short Blades
 + Level 3.8 Ranged Weapons
 - Level 2.1 Dodging
 - Level 1.0 Spellcasting
 - Level 2.0 Hexes


You had 3 spell levels left.
You knew the following spells:

 Your Spells              Type           Power      Damage    Failure   Level
a - Slow                  Hex            12%        N/A       17%         1

Your spell library contained the following spells:

 Spells                   Type           Power      Damage    Failure   Level
 Necrotise                Necr           0%         1d4       36%         1
 Inner Flame              Hex/Fire       2%         N/A       61%         3
 Portal Projectile        Hex/Tloc       4%         N/A       61%         3
 Vampiric Draining        Necr           0%         2d6       75%         3
 Cause Fear               Hex            1%         N/A       86%         4
 Agony                    Necr           0%         N/A       100%        5


Dungeon Overview and Level Annotations

Branches:
Dungeon (1/15)

Altars:
Xom


Innate Abilities, Weirdness & Mutations

You have a pair of horns on your head.
You reflexively headbutt those who attack you in melee.
You sometimes lose your temper in combat.
Your muscles are strong. (Str +4, Int/Dex -1)


Message History

The kobold throws a stone.
The stone barely misses you.
You are too injured to fight recklessly!
You closely miss the ball python. The ball python barely misses you.
You furiously retaliate!
You headbutt the ball python.
You kill the ball python!
Your Short Blades skill increases to level 1!
The endoplasm hits you.
The kobold hits you with a +0 whip of venom.
You are poisoned.
You closely miss the kobold. Your headbutt misses the kobold.
You feel sick. The endoplasm closely misses you. The kobold misses you.
The kobold attacks as you move away! The kobold misses you.
The endoplasm attacks as you move away! The endoplasm hits you.
You feel sick.
It was a potion of degeneration.
There was something very wrong with that liquid.
You feel weakened.
You feel dopey.
You feel clumsy.
You feel sick. The endoplasm closely misses you.
You hit the endoplasm but do no damage.
You feel sick. The endoplasm freezes you.
You are frozen.
* * * LOW HITPOINT WARNING * * *
You hit the endoplasm. You headbutt the endoplasm.
You kill the endoplasm!
You feel sick.
The kobold throws a stone.
The stone hits you.
* * * LOW HITPOINT WARNING * * *
You feel sick.
You are no longer poisoned.
The kobold closely misses you.
You hit the kobold but do no damage.
The kobold is poisoned.
The kobold hits you with a +0 whip of venom.
* * * LOW HITPOINT WARNING * * *
You are lethally poisoned!
You closely miss the kobold.
The kobold is moderately wounded.
* * * LOW HITPOINT WARNING * * *
You feel sick. The kobold closely misses you.
It was a potion of mutation.
You feel extremely strange.
You feel a little pissed off.
You feel stronger.
You die...
Xom guffaws!

#.#........###.#.#
#..###########...# ..#.
#..)########....#
.....###..........#...
#........(###########.
#..####....########### .###
#..# ###.............
.....#..####....###........
#)...#K@..##...#........
#....[.#######..........
#.#†.### ###........ #†....
#........ .?.†.....
#........ ...#.......
#........ .. #.#.#####
#........ . #.#. #########
#...


You could see a kobold (poisoned).

Vanquished Creatures
  A gnoll (D:1)
  5 endoplasms (D:1)
  2 goblins (D:1)
  A hobgoblin (D:1)
  3 quokkas (D:1)
  3 ball pythons (D:1)
  A bat (D:1)
  2 frilled lizards (D:1)
  3 kobolds (D:1)
  4 rats (D:1)
25 creatures vanquished.

Notes
Turn   | Place    | Note
-------+----------+-------------------------------------------
     0 | D:1      | dolemite99 the Minotaur Hexslinger began the quest for the
                  | Orb.
     0 | D:1      | Reached XP level 1. HP: 16/16 MP: 1/1
   209 | D:1      | Reached skill level 3 in Ranged Weapons
   209 | D:1      | Reached XP level 2. HP: 23/23 MP: 2/2
   284 | D:1      | Found a faded altar of an unknown god.
   291 | D:1      | Prayed at the altar of an unknown god.
   291 | D:1      | Became a worshipper of Xom the Capricious
   300 | D:1      | XOM: silly message
   434 | D:1      | Reached XP level 3. HP: 28/28 MP: 3/3
   458 | D:1      | Reached skill level 1 in Short Blades
   467 | D:1      | Gained mutation: You sometimes lose your temper in combat.
                  | [potion of mutation]
   467 | D:1      | Gained mutation: Your muscles are strong. (Str +4, Int/Dex
                  | -1) [potion of mutation]
   467 | D:1      | Succumbed to a kobold's poison

Illustrated notes

Levels and vault maps discovered:
D:1:      wander_arrival_desolate, layout_rooms,
          dreamdust_ecumenical_altar_hidden_monk_grotto, dk_noncrumbling_3,
          hangedman_decor_slide_cut, st_stairs_5,
          chequers_serial_rivers_micro_c, minmay_nonomino_d4

Skill      XL: |  1  2  3 |
---------------+----------+-----
Ranged Weapons | 3 |  3.8
Short Blades   | 1 |  1.0
Fighting       | |  1.2
Dodging        | |  2.1
Spellcasting   | |  1.0
Hexes          | |  2.0

Action                     || total
---------------------------++-------
  Melee: Dagger            ||     6
         Headbutt          ||     1
   Fire: Sling             ||    58
    Use: Potion            ||     2
 Armour: Robe              ||     4
  Dodge: Dodged            ||    21

Table legend: (Time is in decaauts)
 A = Elapsed time spent in this place.
 B = Non-inter-level travel time spent in this place.
 C = Inter-level travel time spent in this place.
 D = Time resting spent in this place.
 E = Time spent auto-exploring this place.
 F = Levels seen in this place.
 G = Mean time per level.
                   A        B        C        D        E       F      G
               +--------+--------+--------+--------+--------+-----+--------+
         Total |    479 |    479 |      0 |      0 |    322 |   1 |  479.0 |
       Dungeon |    479 |    479 |      0 |      0 |    322 |   1 |  479.0 |
               +--------+--------+--------+--------+--------+-----+--------+

Top non-repeatable levels by time:
     D:1: 479 daAuts
